 Dungeon Crawl Stone Soup version 0.29-a0-416-g83a48905f1 (webtiles) character file.

Game seed: 15244921445042412452

1316 Bruhh the Martial Artist (level 8, -8/59 HPs)
             Began as a Yellow Draconian Transmuter on May 16, 2022.
             Was a Believer of Ru.
             Mangled by an orc warrior
             ... wielding a +0 dire flail
              (19 damage)
             ... on level 6 of the Dungeon.
             The game lasted 00:08:02 (7156 turns).

Bruhh the Martial Artist (DrTm)                     Turns: 7156, Time: 00:08:02

Health: -8/59      AC:  2    Str: 12    XL:     8   Next: 33%
Magic:  10/13      EV: 19    Int: 15    God:    Ru [**....]
Gold:   282        SH:  0    Dex: 18    Spells: 10/14 levels left

rFire   . . .      SeeInvis .     - Unarmed
rCold   . . .      Faith    .   (shield unavailable)
rNeg    . . .      Spirit   .   (body armour unavailable)
rPois   x          Reflect  .   (helmet currently unavailable)
rElec   .          Harm     .   (cloak currently unavailable)
rCorr   .          Rampage  .   (gloves currently unavailable)
Will    .....                   (boots currently unavailable)
Stlth   ++........              (no amulet)
HPRegen 0.19/turn               (ring unavailable)
MPRegen 0.13/turn               (no ring)

@: spider-form
A: venomous fangs, (spit acid), AC +6, tiny, unfitting armour, (cold-blooded),
missing a hand, (acid resistance)
a: End Transformation, Renounce Religion


You were on level 6 of the Dungeon.
You worshipped Ru.
Ru was pleased with you.
You were a venomous arachnid creature.
You visited 2 branches of the dungeon, and saw 8 of its levels.

You collected 282 gold pieces.

Inventory:

Armour
 b - a +2 pair of boots (melded)
 g - a +2 hat (melded)
Jewellery
 k - a +6 ring of intelligence
 l - a +4 ring of slaying
 m - a ring of positive energy
 t - a ring of see invisible
Scrolls
 a - 7 scrolls of identify {unknown}
 e - 4 scrolls of blinking {unknown}
 f - a scroll of fog {unknown}
 o - 2 scrolls of poison {unknown}
 q - 3 scrolls of teleportation {unknown}
 s - a scroll of enchant armour {unknown}
 v - a scroll of vulnerability {unknown}
 w - a scroll of torment {unknown}
 x - a scroll of silence {unknown}
Potions
 c - 4 potions of curing {unknown}
 d - a potion of brilliance {unknown}
 h - 2 potions of berserk rage {unknown}
 i - 2 potions of might
 n - a potion of ambrosia {unknown}
 p - a potion of attraction {unknown}
 r - a potion of degeneration {unknown}
 u - a potion of magic {unknown}


   Skills:
 - Level 1.1 Fighting
 - Level 1.7 Dodging
 + Level 8.8 Unarmed Combat
 + Level 3.8 Spellcasting
 - Level 5.0 Transmutations


You had 10 spell levels left.
You knew the following spells:

 Your Spells              Type           Power      Damage    Failure   Level
a - Beastly Appendage     Tmut           34%        N/A       9%          1
b - Spider Form           Tmut/Pois      10%        N/A       41%         3

Your spell library contained the following spells:

 Spells                   Type           Power      Damage    Failure   Level
 Wereblood                Tmut           17%        N/A       12%         2
 Ignite Poison            Fire/Tmut/Pois 7%         N/A       50%         3
 Gell's Gravitas          Tloc           2%         N/A       71%         3
 Mephitic Cloud           Conj/Pois/Air  2%         N/A       71%         3
 Teleport Other           Tloc           2%         N/A       71%         3
 Ice Form                 Ice/Tmut       10%        N/A       75%         4
 Freezing Cloud           Conj/Ice/Air   1%         6-21      100%        5
 Dispersal                Tloc           1%         N/A       100%        6
 Disjunction              Tloc           1%         N/A       100%        8


Dungeon Overview and Level Annotations

Branches:
Dungeon (7/15)             Temple (1/1) D:4

Altars:
Cheibriados
Elyvilon
Fedhas
Gozag
Hepliaklqana
Kikubaaqudgha
Nemelex Xobeh
Okawaru
Qazlal
Ru
Sif Muna
Trog
Uskayaw
Vehumet
Wu Jian
Xom
Yredelemnul
Zin

Shops:
D:3 *?=(


Innate Abilities, Weirdness & Mutations

You are a venomous arachnid creature.
You have poisonous fangs.
You are tiny and dextrous.
Your spellcasting is less reliable in this form.
Your armour is entirely melded.
You are incapable of wielding weapons or throwing items.
((You can spit globs of acid.))
((Your golden yellow scales are hard. (AC +6)))
You cannot fit into any form of body armour.
((You are cold-blooded and may be slowed by cold attacks.))
You are missing a hand.
((You are resistant to acid. (rCorr)))


Message History

You are too injured to fight recklessly!
You are too injured to fight recklessly!
Unknown command.
You hit the orc warrior but do no damage.
The orc warrior looks as sick as possible!
The orc warrior is moderately wounded.
Your transformation has ended.
Your +2 hat unmelds from your body.
Your +2 pair of boots unmelds from your body.
The orc warrior hits you with a +0 dire flail.
The orc hits you but does no damage.
You hit the orc warrior.
The orc warrior is heavily wounded.
The orc warrior hits you with a +0 dire flail.
* * * LOW HITPOINT WARNING * * *
The orc hits you but does no damage.
Unknown command.
Casting: Spider Form (dangerous; 21% risk of failure)
Confirm with . or Enter, or press ? or * to list all spells.
You turn into a venomous arachnid creature.
Your +2 hat melds into your body.
Your +2 pair of boots melds into your body.
The orc warrior closely misses you. The orc barely misses you.
Unknown command.
You hit the orc warrior but do no damage.
The orc warrior is severely wounded.
The orc closely misses you. The orc warrior closely misses you.
You hit the orc warrior but do no damage.
The orc warrior looks as sick as possible!
The orc warrior is almost dead.
You barely miss the orc warrior.
The orc warrior is almost dead.
The orc completely misses you.
The orc warrior hits you with a +0 dire flail!
* * * LOW HITPOINT WARNING * * *
Unknown command.
You barely miss the orc warrior.
The orc warrior is almost dead.
The orc warrior hits you with a +0 dire flail!!
You die...

###.#########.#
##...#########.# #
#..#........##.#
####.###.......##.#
......#...###..##.#
..........# #..##.##
#######...# #..#>..########
#####...# #..o..........#
#.......###.##s..######.#
###.###.........o.## #.#
#.#.# ##.####.##### #.#
....# #.# #.# ### #.#
#.#.####.####.####.## #.#
.#..#.............#.## #.#
###......####.....##.## #.#
# ##.#......<.....###.# #.#
###....######.....##.####.#


You could see an orc warrior (extremely poisoned) and an orc.

Vanquished Creatures
  An orc warrior (D:7)
  A black bear (D:6)
  An ogre (D:5)
  2 phantoms
  A scorpion (D:5)
  A necrophage (D:4)
  A howler monkey (D:5)
  A gnoll shaman (D:7)
  5 hounds
  2 jellies (D:6)
  2 orc priests
  Jessica (D:2)
  2 orc wizards
  3 iguanas
  A mummy (D:5)
  7 gnolls
  7 adders
  An ufetubus (D:5)
  A dart slug (D:1)
  15 orcs
  6 endoplasms
  5 giant cockroaches
  8 goblins
  5 hobgoblins
  2 jackals (D:4)
  3 kobolds
  A quokka (D:1)
  7 ball pythons
  A bat (D:1)
  2 frilled lizards (D:1)
  3 rats
99 creatures vanquished.

Vanquished Creatures (others)
  A human (D:3)
  A phantom (D:6)
  7 fungi (D:2)
  4 toadstools (D:2)
13 creatures vanquished.

Grand Total: 112 creatures vanquished

Notes
Turn   | Place    | Note
-------+----------+-------------------------------------------
     0 | D:1      | Bruhh the Draconian Transmuter began the quest for the Orb.
     0 | D:1      | Reached XP level 1. HP: 16/16 MP: 3/3
   133 | D:1      | Reached XP level 2. HP: 8/23 MP: 3/5
   974 | D:2      | Noticed Jessica
   984 | D:2      | Killed Jessica
   985 | D:2      | Reached XP level 3. HP: 13/28 MP: 4/6
   989 | D:2      | Learned a level 3 spell: Spider Form
  1870 | D:2      | Reached skill level 4 in Unarmed Combat
  2284 | D:3      | Found Siavui's Magic Scroll Shop.
  2309 | D:3      | Reached XP level 4. HP: 27/35 MP: 7/7
  3173 | D:3      | Reached XP level 5. HP: 31/40 MP: 8/8
  3299 | D:3      | Found Lihazagh's Antique Weapon Shop.
  3393 | D:3      | Found an ancient bone altar of Kikubaaqudgha.
  3396 | D:3      | Noticed a human
  3397 | D:3      | Killed a human
  3439 | D:3      | Found Gemala's General Store.
  3555 | D:3      | Found Fudghadd's Jewellery Shop.
  3668 | D:4      | Reached skill level 5 in Unarmed Combat
  3797 | D:4      | Found a staircase to the Ecumenical Temple.
  3825 | Temple   | Entered the Ecumenical Temple
  3866 | Temple   | Became a worshipper of Ru the Awakened
  4051 | D:4      | Reached XP level 6. HP: 40/47 MP: 7/9
  4423 | D:5      | Entered Level 5 of the Dungeon
  4434 | D:5      | Reached skill level 5 in Transmutations
  4458 | D:5      | Reached skill level 6 in Unarmed Combat
  4522 | D:5      | Found a snail-covered altar of Cheibriados.
  4726 | D:5      | Your scales start taking on a golden yellow colour.
  4726 | D:5      | Reached XP level 7. HP: 21/52 MP: 5/10
  4726 | D:5      | Gained mutation: You are resistant to acid. (rCorr) [Yellow
                  | Draconian growth]
  5180 | D:5      | Reached skill level 7 in Unarmed Combat
  5292 | D:5      | Gained mutation: You are missing a hand. [Ru sacrifice]
  5292 | D:5      | Reached * piety under Ru
  5292 | D:5      | Reached ** piety under Ru
  5517 | D:6      | Found an iron altar of Okawaru.
  5595 | D:6      | Reached skill level 8 in Unarmed Combat
  6265 | D:6      | Reached XP level 8. HP: 55/59 MP: 10/12
  7156 | D:6      | Mangled by an orc warrior

Illustrated notes

Levels and vault maps discovered:
D:1:      lemuel_arrival_behind_the_door_large, layout_basic
D:2:      layout_basic, minmay_gold_behind_fungi, uniq_jessica
D:3:      layout_rooms, tgw_kikubaaqudgha, serial_shops, nicolae_lakefront_shop,
          shop, nicolae_shop_advertising_works [nicolae_subvault_shop_adworks],
          nicolae_shop_statue_plus, minmay_misc_feat_hallway, minmay_ruptured
D:4:      layout_rooms, minmay_temple_entry_drinking_statues
D:5:      layout_gridville, slow_altar_1, kennysheep_generic_room_14
D:6:      layout_loops_ring, okawaru_trees_1, kennysheep_generic_room_8
D:7:      layout_loops_ring, minmay_misc_feat_four_crosses,
          pf_guarded_unrand_meek
Temple:   nicolae_temple_x_marks_the_god

Skill      XL: |  1  2  3  4  5  6  7  8 |
---------------+-------------------------+-----
Transmutations | 3 4 5 |  5.0
Unarmed Combat | 4 5 6 8 |  8.8
Spellcasting   | 3 |  3.8
Fighting       | |  1.1
Dodging        | |  1.7

Action                   |  1- 3 |  4- 6 |  7- 9 || total
-------------------------+-------+-------+-------++-------
Melee: Unarmed           |    76 |   138 |   117 ||   331
       Tailslap          |     7 |    10 |     9 ||    26
       Punch             |     1 |     2 |     1 ||     4
       Kick              |     9 |    26 |    10 ||    45
       Headbutt          |     4 |    13 |     3 ||    20
 Cast: Beastly Appendage |    16 |    23 |     9 ||    48
       Spider Form       |       |     3 |     6 ||     9
Invok: Sacrifice a Hand  |       |       |     1 ||     1
 Abil: Breathe Acid      |       |       |     5 ||     5
  Use: Potion            |     1 |       |     1 ||     2
 Stab: Sleeping          |     1 |       |       ||     1
Armor: Skin              |    22 |    36 |    24 ||    82
Dodge: Dodged            |    37 |   100 |    87 ||   224

Table legend: (Time is in decaauts)
 A = Elapsed time spent in this place.
 B = Non-inter-level travel time spent in this place.
 C = Inter-level travel time spent in this place.
 D = Time resting spent in this place.
 E = Time spent auto-exploring this place.
 F = Levels seen in this place.
 G = Mean time per level.
                   A        B        C        D        E       F      G
               +--------+--------+--------+--------+--------+-----+--------+
         Total |   7123 |   6964 |    159 |   1133 |   4973 |   8 |  890.4 |
       Dungeon |   7063 |   6904 |    159 |   1133 |   4945 |   7 | 1009.0 |
        Temple |     60 |     60 |      0 |      0 |     28 |   1 |   60.0 |
               +--------+--------+--------+--------+--------+-----+--------+

Top non-repeatable levels by time:
     D:2: 1655 daAuts
     D:5: 1405 daAuts
     D:3: 1028 daAuts
     D:1: 887 daAuts
     D:4: 778 daAuts
     D:6: 718 daAuts
     D:7: 589 daAuts
  Temple: 60 daAuts
